AoeStats
← Minero

Fortress

507370440Analyzed
3v3 RM · 14d ago on Sep 17, 2026· 76m 57s· 6 players
Game mode
Random Map
Map size
Large (8 player)
Population
200
Speed
Normal
Resources
Standard
Victory
Conquest
Starting age
Dark Age
Ending age
Imperial Age
RankedLock teamsTeams togetherTeam positionsShared explorationLock speedFull tech treeHidden civsTurbo modeCheats
Victory
Defeat
🇧🇷 Ethiopians · Brazil
1330
+16
🇧🇷 Spanish · Brazil
1315
+17
🇧🇷 Italians · Brazil
1262
+19
🇫🇷 Britons · France
1413
-20
🇦🇪 Italians · United Arab Emirates
1391
-20
🇭🇺 Bengalis · Hungary
1205
-12
Zantins
7:37 Feudal Age
11:38 Castle Age
9:56 Double-Bit Axe
9:55 Horse Collar
13:05 Bow Saw
18:12 Heavy Plow
18:39 Loom
19:39 Wheelbarrow
21:08 Gold Mining
21:08 Stone Mining
25:22 Imperial Age
23:34 Forging
23:29 Scale Barding Armor
24:20 Hand Cart
23:50 Town Watch
25:04 Iron Casting
24:22 Stone Mining
25:05 Bloodlines
24:56 Husbandry
25:34 Chain Barding Armor
25:30 Cavalier
27:17 Blast Furnace
26:53 Conscription
28:13 Plate Barding Armor
27:07 Paladin
29:19 Fletching
29:30 Padded Archer Armor
30:43 Caravan
31:55 Town Patrol
32:22 Ballistics
33:02 Chemistry
31:59 Bodkin Arrow
32:19 Leather Archer Armor
34:07 Fortified Wall
33:54 Murder Holes
36:00 Bracer
36:30 Ring Archer Armor
36:13 Masonry
49:05 Light Cavalry
50:24 Hussar
53:52 Scale Mail Armor
55:59 Chain Mail Armor
55:07 Pikeman
55:47 Squires
55:32 Arson
59:00 Architecture
59:50 Thumb Ring
59:05 Elite Skirmisher
64:12 Two-Man Saw
64:35 Inquisition
74:07 Plate Mail Armor
Minero
4:48 Loom
7:33 Feudal Age
11:07 Castle Age
9:21 Double-Bit Axe
9:44 Horse Collar
12:12 Bow Saw
12:30 Heavy Plow
12:24 Gold Mining
17:01 Loom
18:01 Elite Skirmisher
20:01 Thumb Ring
19:57 Padded Archer Armor
20:12 Fletching
25:58 Imperial Age
25:26 Leather Archer Armor
26:33 Bodkin Arrow
30:47 Stone Mining
31:04 Town Watch
32:55 Chemistry
33:07 Ballistics
33:36 Ring Archer Armor
35:17 Crossbowman
36:59 Gold Shaft Mining
37:04 Wheelbarrow
36:29 Town Patrol
37:22 Siege Engineers
37:54 Arbalester
38:39 Bracer
40:01 Scale Mail Armor
40:55 Fortified Wall
40:56 Masonry
43:07 Two-Man Saw
45:02 Scale Barding Armor
45:08 Forging
45:19 Hand Cart
46:28 Light Cavalry
47:36 Husbandry
48:18 Chain Barding Armor
49:25 Iron Casting
49:27 Capped Ram
51:25 Blast Furnace
52:28 Hussar
53:32 Siege Ram
55:23 Stone Shaft Mining
66:13 Onager
70:58 Conscription
70:39 Torsion Engines
72:15 Halberdier
72:57 Squires
72:43 Arson
74:03 Chain Mail Armor
RodrigoSuga
7:14 Feudal Age
11:23 Castle Age
9:38 Double-Bit Axe
9:36 Horse Collar
11:19 Loom
13:00 Wheelbarrow
13:32 Bow Saw
13:46 Heavy Plow
19:19 Hand Cart
23:56 Imperial Age
22:40 Fortified Wall
22:37 Scale Mail Armor
22:44 Scale Barding Armor
22:50 Forging
22:41 Padded Archer Armor
23:39 Bloodlines
23:30 Husbandry
25:47 Chemistry
24:20 Light Cavalry
26:12 Two-Man Saw
25:56 Crop Rotation
26:44 Ballistics
27:11 Conscription
29:00 Chain Barding Armor
29:15 Iron Casting
29:06 Fletching
29:31 Leather Archer Armor
28:40 Elite Skirmisher
30:22 Leather Archer Armor
30:14 Thumb Ring
30:36 Treadmill Crane
31:41 Bodkin Arrow
32:16 Ring Archer Armor
33:27 Bracer
51:20 Silk Road
51:41 Caravan
54:18 Guilds
59:04 Stone Mining
59:05 Gold Mining
59:24 Hussar
61:14 Coinage
61:44 Plate Barding Armor
61:44 Iron Casting
63:41 Stone Shaft Mining
63:31 Town Watch
64:41 Town Patrol
68:59 Blast Furnace
68:13 Pirotechnia
68:10 Elite Genoese Crossbowman
69:38 Scale Mail Armor
71:01 Banking
71:33 Chain Mail Armor
73:41 Plate Mail Armor
74:31 Murder Holes
74:28 Guard Tower
74:25 Arrowslits
Gaborovics
7:53 Feudal Age
12:38 Castle Age
10:52 Double-Bit Axe
12:00 Horse Collar
14:10 Bow Saw
14:14 Horse Collar
18:07 Heavy Plow
19:17 Wheelbarrow
20:47 Loom
21:24 Hand Cart
23:33 Gold Mining
23:37 Stone Mining
25:42 Gold Shaft Mining
28:06 Coinage
32:49 Imperial Age
34:31 Fortified Wall
34:34 Masonry
34:49 Town Watch
35:58 Banking
35:28 Guard Tower
36:10 Town Patrol
36:03 Fletching
37:16 Chemistry
36:51 Keep
37:59 Ballistics
37:41 Murder Holes
37:48 Bodkin Arrow
40:28 Bracer
41:02 Architecture
40:29 Arrowslits
40:35 Arrowslits
40:58 Siege Engineers
51:50 Two-Man Saw
51:23 Crop Rotation
54:11 Elite Elephant Archer
54:56 Padded Archer Armor
55:54 Leather Archer Armor
55:42 Husbandry
55:53 Bloodlines
58:00 Ring Archer Armor
58:11 Paiks
58:32 Conscription
63:58 Redemption
66:05 Illumination
68:39 Mahayana
Rododino
8:20 Feudal Age
12:05 Castle Age
10:10 Double-Bit Axe
10:43 Horse Collar
12:01 Gold Mining
12:29 Loom
13:19 Fletching
16:48 Bodkin Arrow
21:10 Padded Archer Armor
22:39 Ballistics
25:52 Wheelbarrow
27:29 Town Watch
29:32 Hand Cart
29:38 Bow Saw
29:30 Heavy Plow
30:50 Fortified Wall
34:18 Imperial Age
38:25 Stone Mining
39:10 Gold Shaft Mining
39:37 Two-Man Saw
40:59 Scale Mail Armor
41:09 Forging
40:23 Pikeman
41:03 Squires
40:49 Arson
41:26 Bracer
41:57 Chain Mail Armor
41:58 Leather Archer Armor
41:10 Halberdier
41:17 Crossbowman
42:58 Chemistry
42:11 Masonry
42:46 Guilds
43:42 Plate Mail Armor
43:47 Iron Casting
42:37 Arbalester
44:46 Ring Archer Armor
49:20 Conscription
50:45 Treadmill Crane
57:55 Blast Furnace
57:25 Yeomen
64:26 Architecture
64:10 Caravan
66:18 Murder Holes
monsterrlol13
7:40 Feudal Age
9:01 Double-Bit Axe
11:38 Castle Age
9:24 Horse Collar
13:16 Wheelbarrow
13:07 Bow Saw
13:10 Heavy Plow
13:57 Town Watch
15:32 Loom
21:20 Hand Cart
22:13 Gold Mining
22:14 Stone Mining
26:14 Imperial Age
23:36 Fletching
24:15 Bodkin Arrow
24:22 Padded Archer Armor
24:51 Ballistics
24:43 Fortified Wall
24:14 Treadmill Crane
24:30 Crossbowman
25:16 Thumb Ring
26:23 Masonry
26:24 Murder Holes
27:58 Chemistry
27:02 Bracer
26:47 Arbalester
28:36 Leather Archer Armor
28:46 Conscription
31:00 Architecture
30:27 Murder Holes
31:21 Ring Archer Armor
31:45 Elite Genoese Crossbowman
33:09 Elite Skirmisher
34:29 Scale Barding Armor
34:35 Forging
34:38 Light Cavalry
35:28 Bloodlines
35:19 Husbandry
35:51 Chain Barding Armor
36:54 Hoardings
36:43 Silk Road
36:18 Hussar
37:55 Plate Barding Armor
37:56 Iron Casting
40:51 Blast Furnace
Connection lost

Rejoining the realm…

Still unreachable

The connection could not be restored.

Session expired

The server has moved on; the page needs a fresh start.